 Dungeon Crawl Stone Soup version 0.31-a0-221-gbddc013574 (webtiles) character file.

Game seed: 2143952739132684295

175 qw the Shooter (level 5, -6/45 HPs)
             Began as a Minotaur Hexslinger on July 3, 2023.
             Mangled by a gnoll
             ... wielding a +0 whip
              (9 damage)
             ... on level 4 of the Dungeon.
             The game lasted 00:00:55 (1980 turns).

qw the Shooter (Minotaur Hexslinger)                Turns: 1980, Time: 00:00:56

Health: -6/45      AC:  2    Str: 12    XL:     5   Next: 29%
Magic:  5/5        EV: 13    Int: 10    God:
Gold:   601        SH:  0    Dex: 21    Spells: 5/6 levels left

rFire   + . .        Y - +1 sling
rCold   + . .        (no shield)
rNeg    . . .        f - +0 robe {rC+ rF+}
rPois   .            (helmet restricted)
rElec   .            (no cloak)
rCorr   .            (no gloves)
SInv    .            (no boots)
Will    .....        (no amulet)
Stlth   ++           h - +6 ring of dexterity
HPRegen 0.27/turn    (no ring)
MPRegen 0.09/turn

%: no passive effects
@: no status effects
A: horns 2, retaliatory headbutt
a: no special abilities


You were on level 4 of the Dungeon.
You visited 1 branch of the dungeon, and saw 4 of its levels.

You collected 601 gold pieces.


Innate Abilities, Weirdness & Mutations

You have a pair of horns on your head.
You reflexively headbutt those who attack you in melee.


   Skills:
 - Level 3.0 Fighting
 + Level 5.5 Ranged Weapons
 - Level 2.1 Dodging
 - Level 1.0 Spellcasting
 - Level 2.0 Hexes


You had 5 spell levels left.
You knew the following spells:

 Your Spells              Type           Power      Damage    Failure   Level
a - Slow                  Hex            16%        N/A       16%         1

Your spell library contained the following spells:

 Spells                   Type           Power      Damage    Failure   Level
 Inner Flame              Hex/Fire       2%         N/A       56%         3
 Portal Projectile        Hex/Tloc       4%         N/A       56%         3
 Cause Fear               Hex            2%         N/A       83%         4

Inventory:

Hand Weapons
 Y - a +1 sling (weapon)
Armour
 c - a +0 ring mail
 f - a +0 robe of resistance (worn)
Jewellery
 h - a +6 ring of dexterity (left hand)
Potions
 b - a potion of haste {unknown}
 e - a potion of cancellation {unknown}
 g - a potion of mutation {unknown}
 i - a potion of attraction {unknown}
 k - a potion of heal wounds {unknown}
 n - a potion of berserk rage {unknown}

Dungeon Overview and Level Annotations

Branches:
Dungeon (4/15)
 Temple: D:4-7

Altars:


Message History

You shoot a sling bullet. The sling bullet hits the gnoll.
The gnoll is severely wounded.
You shoot a sling bullet. The sling bullet hits the gnoll.
You kill the gnoll!
You hear a shout!
You shoot a sling bullet. The sling bullet hits the gnoll.
The gnoll is heavily wounded.
An orc comes into view. It is wielding a +0 hand axe.
You shoot a sling bullet. The sling bullet hits the gnoll.
The gnoll is severely wounded.
You shoot a sling bullet. The sling bullet hits the gnoll.
You kill the gnoll!
A gnoll comes into view. It is wielding a +0 spear.
The orc hits you with a +0 hand axe.
You shoot a sling bullet. The sling bullet hits the gnoll.
The gnoll is lightly wounded.
The gnoll hits you with a +0 whip. The orc hits you with a +0 hand axe.
You shoot a sling bullet.
The sling bullet closely misses the gnoll.
The gnoll hits you with a +0 whip. The orc misses you.
You shoot a sling bullet.
The sling bullet hits the gnoll but does no damage.
The gnoll is lightly wounded.
The gnoll closely misses you. The orc barely misses you.
An orc comes into view. It is wielding a +0 short sword.
You shoot a sling bullet. The sling bullet hits the gnoll.
The gnoll is moderately wounded.
The gnoll misses you. The orc barely misses you.
You shoot a sling bullet. The sling bullet hits the gnoll.
The gnoll is heavily wounded.
The gnoll hits you with a +0 whip! The orc hits you with a +0 hand axe.
You shoot a sling bullet.
The sling bullet barely misses the gnoll.
The gnoll hits you from afar with a +0 spear.
The gnoll hits you with a +0 whip. The orc hits you with a +0 hand axe.
You shoot a sling bullet. The sling bullet hits the gnoll.
The gnoll is severely wounded.
The gnoll hits you from afar with a +0 spear!
The orc misses you. The gnoll hits you with a +0 whip!
You die...

#....##....# #....
#....##....# #....
#....##....# ....
###'###....# ... #.#
#....# .. #.# #....# ###
#o ##.###....#
.....#o######....#....#
.......@.......#.####.#
####.#g#######.#.####.##
#g #.#........ #)
#.######.## #.
#......#.# #.
#########.#.## #.
.............. #.
#########.#)## #.....#.


You could see 2 gnolls and 2 orcs.

Vanquished Creatures
  Jessica (D:2)
  Robin (D:2)
  3 gnolls
  3 adders
  A dart slug (D:2)
  3 orcs
  5 ball pythons
  9 endoplasms
  A giant cockroach (D:2)
  18 goblins
  11 hobgoblins
  4 kobolds
  4 quokkas
  A bat (D:1)
  A frilled lizard (D:1)
  4 rats
70 creatures vanquished.

Notes
Turn   | Place    | Note
-------+----------+-------------------------------------------
     0 | D:1      | qw the Minotaur Hexslinger began the quest for the Orb.
     0 | D:1      | Reached XP level 1. HP: 16/16 MP: 1/1
     0 | D:1      | 0 ||| qw: Version: 0.3-a-40-ge99b1a8
     0 | D:1      | 0 ||| qw: Game counter: 530
     0 | D:1      | 0 ||| qw: Melee chars always use a shield: true
     0 | D:1      | 0 ||| qw: God list: Okawaru
     0 | D:1      | 0 ||| qw: Allow faded altars: false
     0 | D:1      | 0 ||| qw: Do Orc after clearing Dungeon:15 true
     0 | D:1      | 0 ||| qw: Do second Lair branch before Depths: true
     0 | D:1      | 0 ||| qw: Lair rune preference: random
     0 | D:1      | 0 ||| qw: Goals: Normal
     0 | D:1      | 0 ||| PLANNING D:1-11
    29 | D:1      | 29 ||| FLEEEEING.
    30 | D:1      | 30 ||| FLEEEEING.
   101 | D:1      | Reached skill level 3 in Ranged Weapons
   101 | D:1      | Reached XP level 2. HP: 23/23 MP: 2/2
   287 | D:1      | Reached XP level 3. HP: 30/30 MP: 3/3
   513 | D:1      | 513 ||| UPGRADING to +0 robe of resistance.
   523 | D:1      | 523 ||| DROPPING +0 robe.
   524 | D:1      | 524 ||| UPGRADING to +6 ring of dexterity.
   525 | D:1      | 525 ||| READING scroll labelled WEDAHU MITH.
   526 | D:1      | 526 ||| DROPPING scroll of poison.
   545 | D:2      | 545 ||| STAIRDANCE
   614 | D:2      | Noticed Jessica
   618 | D:2      | Killed Jessica
   619 | D:2      | Reached skill level 4 in Ranged Weapons
   619 | D:2      | Reached XP level 4. HP: 37/37 MP: 4/4
   739 | D:2      | Noticed Robin
   742 | D:2      | 742 ||| FLEEEEING.
   747 | D:2      | Killed Robin
   748 | D:2      | 748 ||| FLEEEEING.
   749 | D:2      | 749 ||| FLEEEEING.
   750 | D:2      | 750 ||| FLEEEEING.
   751 | D:2      | 751 ||| FLEEEEING.
   752 | D:2      | 752 ||| FLEEEEING.
   753 | D:2      | 753 ||| FLEEEEING.
   754 | D:2      | 754 ||| FLEEEEING.
   758 | D:2      | 758 ||| FLEEEEING.
   759 | D:2      | 759 ||| FLEEEEING.
   760 | D:2      | 760 ||| FLEEEEING.
   761 | D:2      | 761 ||| FLEEEEING.
   762 | D:2      | 762 ||| FLEEEEING.
   763 | D:2      | 763 ||| FLEEEEING.
   764 | D:2      | 764 ||| FLEEEEING.
   765 | D:2      | 765 ||| FLEEEEING.
   766 | D:2      | 766 ||| FLEEEEING.
   767 | D:2      | 767 ||| FLEEEEING.
   768 | D:2      | 768 ||| FLEEEEING.
   769 | D:2      | 769 ||| FLEEEEING.
   771 | D:2      | 771 ||| FLEEEEING.
   772 | D:2      | 772 ||| FLEEEEING.
   773 | D:2      | 773 ||| FLEEEEING.
   774 | D:2      | 774 ||| FLEEEEING.
   775 | D:2      | 775 ||| FLEEEEING.
   776 | D:2      | 776 ||| FLEEEEING.
   777 | D:2      | 777 ||| FLEEEEING.
   778 | D:2      | 778 ||| FLEEEEING.
   779 | D:2      | 779 ||| FLEEEEING.
   780 | D:2      | 780 ||| FLEEEEING.
   781 | D:2      | 781 ||| FLEEEEING.
   782 | D:2      | 782 ||| FLEEEEING.
   922 | D:2      | Reached skill level 5 in Ranged Weapons
  1030 | D:2      | Found a faded altar of an unknown god.
  1063 | D:2      | 1063 ||| READING scroll labelled ZEPNUG GANTYU.
  1064 | D:2      | 1064 ||| READING scroll labelled YWKUTT LERCHE.
  1065 | D:2      | 1065 ||| DRINKING 2 viscous ruby potions.
  1100 | D:2      | 1100 ||| DRINKING 3 bubbling pink potions.
  1101 | D:2      | 1101 ||| DROPPING potion of lignification.
  1102 | D:2      | 1102 ||| DROPPING 2 potions of magic.
  1317 | D:3      | Reached skill level 3 in Fighting
  1436 | D:3      | Reached XP level 5. HP: 45/45 MP: 5/5
  1868 | D:3      | 1868 ||| READING scroll labelled FOANWO KAATECH.
  1873 | D:3      | 1873 ||| READING scroll labelled LEDY BUBLIJAS.
  1873 | D:3      | Identified a scroll of acquirement
  1873 | D:3      | 1873 ||| ACQUIRING 402 gold pieces
  1873 | D:3      | Acquired 402 gold pieces
  1875 | D:3      | 1875 ||| READING scroll labelled TYPRO ANELU.
  1876 | D:3      | 1876 ||| READING scroll labelled SAPHEIJIOG.
  1877 | D:3      | 1877 ||| READING scroll labelled EHEBYU IHAODU.
  1979 | D:4      | HP: 11/45 [orc/+0 hand axe (3)]
  1980 | D:4      | HP: 3/45 [gnoll/+0 spear (8)]
  1980 | D:4      | Mangled by a gnoll

Levels and vault maps discovered:
D:1:      beargit_arrival_greenhouse, layout_basic
D:2:      layout_rooms, ebering_ecumenical_altar_rust, moated_statue,
          uniq_robin, uniq_jessica
D:3:      wander_river, layout_basic
D:4:      layout_basic, uniq_pikel, uniq_sigmund, uniq_pargi, uniq_natasha,
          uniq_blork_the_orc, uniq_edmund

Skill      XL: |  1  2  3  4 |
---------------+-------------+-----
Ranged Weapons | 3 4 5 |  5.5
Fighting       | 2 3 |  3.0
Dodging        | |  2.1
Spellcasting   | |  1.0
Hexes          | |  2.0

Action                     |  1- 3 |  4- 6 || total
---------------------------+-------+-------++-------
   Fire: Sling             |    78 |   100 ||   178
    Use: Scroll            |     1 |     7 ||     8
         Potion            |       |     2 ||     2
 Armour: Robe              |       |     2 ||     2
  Dodge: Dodged            |    13 |    18 ||    31

Table legend:
 A = Non-vault XP
 B = Vault XP
 C = Vault XP percentage of total XP
 D = Non-vault monster count
 E = Vault monster count
 F = Vault count percentage of total count
                 A         B        C        D         E       F
            +---------+---------+-------+---------+---------+-------
      Total |     175 |      75 |  30.0 |      56 |      14 |  20.0
            +---------+---------+-------+---------+---------+-------
        D:1 |      53 |       0 |   0.0 |      23 |       0 |   0.0
        D:2 |      39 |      75 |  65.8 |      15 |      14 |  48.3
        D:3 |      48 |       0 |   0.0 |      13 |       0 |   0.0
        D:4 |      35 |       0 |   0.0 |       5 |       0 |   0.0
            +---------+---------+-------+---------+---------+-------
